 Dungeon Crawl Stone Soup version 0.28.0 (webtiles) character file.

Game seed: 16025888926350781350

5 crazypyro the Skirmisher (level 1, -6/24 HPs)
             Began as an Ogre Monk on Feb 14, 2022.
             Mangled by a gnoll (8 damage)
             ... on level 1 of the Dungeon.
             The game lasted 00:01:03 (425 turns).

crazypyro the Skirmisher (Ogre Monk)                 Turns: 425, Time: 00:01:04

Health: -6/24      AC:  3    Str: 14    XL:     1   Next: 80%
Magic:  1/1        EV: 10    Int: 11    God:
Gold:   31         SH:  0    Dex: 11    Spells: 0/0 levels left

rFire   . . .      SeeInvis .   a - +0 mace
rCold   . . .      Faith    .   (no shield)
rNeg    . . .      Spirit   .   b - +0 robe
rPois   .          Reflect  .   (helmet restricted)
rElec   .          Harm     .   (no cloak)
rCorr   .          Rampage  .   (gloves unavailable)
Will    .....                   (boots unavailable)
Stlth   ++........              (no amulet)
HPRegen 0.08/turn               (no ring)
MPRegen 0.07/turn               (no ring)

@: no status effects
A: large, unfitting armour, tough skin 1
a: no special abilities


You were on level 1 of the Dungeon.
You visited 1 branch of the dungeon, and saw 1 of its levels.

You collected 31 gold pieces.

Inventory:

Hand Weapons
 a - a +0 mace (weapon)
Armour
 b - a +0 robe (worn)
Scrolls
 c - a scroll of teleportation {unknown}
 e - a scroll of enchant weapon {unknown}
 f - a scroll of silence {unknown}
 h - 2 scrolls of amnesia {unknown}
Potions
 d - a potion of curing {unknown}
 g - a potion of berserk rage {unknown}


   Skills:
 - Level 4.0 Fighting
 * Level 3.1 Maces & Flails
 - Level 2.6 Dodging
 - Level 1.4 Stealth


You couldn't memorise any spells.
You didn't know any spells.
Your spell library was empty.

Dungeon Overview and Level Annotations

Branches:
Dungeon (1/15)

Altars:


Innate Abilities, Weirdness & Mutations

You are too large for most types of armour.
You have tough skin. (AC +1)


Message History

A nearby plant withers and dies.
The gnoll hits you from afar with a +0 spear.
A nearby plant withers and dies.
The gnoll hits the plant with a +0 spear!
The plant begins to die.
The gnoll hits the plant with a +0 spear.
The plant begins to die.
The gnoll hits the plant with a +0 spear.
The plant begins to die.
You open the large door.
A nearby plant withers and dies. x2
A quokka comes into view.
Found a sedimented silvery potion.
A nearby plant withers and dies.
There is a large open door here.
There is a large open door here.
There are monsters nearby!
The quokka bites you but does no damage.
You miss the quokka. The quokka bites you.
You closely miss the quokka. The quokka closely misses you.
The quokka barely misses you.
You hit the quokka.
The quokka is severely wounded.
The gnoll closely misses you. The quokka bites you.
You hit the quokka but do no damage.
The quokka is severely wounded.
The quokka barely misses you.
The gnoll hits you from afar with a +0 spear.
The quokka barely misses you.
The gnoll hits you from afar with a +0 spear.
You hit the quokka.
You kill the quokka!
The gnoll hits you from afar with a +0 spear!
* * * LOW HITPOINT WARNING * * *
You see here a quokka corpse.
The gnoll barely misses you.
You hit the gnoll but do no damage. The gnoll completely misses you.
You hit the gnoll but do no damage. The gnoll closely misses you.
You hit the gnoll.
The gnoll is moderately wounded.
The gnoll hits you with a +0 spear!
You die...

#####.......# #####
#...#...#### #.^.#
#........... #...#
#........PP.
#####...###....P...PPP
#.........#.....P.P...
#.........+..........P
#.....†...##+#...P....
#...#..@##......P...PP
#. #...g'......PP..P.
#...##............
#......##....##..##..
#......##....# ......
#....######### #####
#!... #.... #...


You could see a gnoll.

Vanquished Creatures
  2 ball pythons (D:1)
  2 quokkas (D:1)
4 creatures vanquished.

Vanquished Creatures (others)
  6 plants (D:1)
6 creatures vanquished.

Grand Total: 10 creatures vanquished

Notes
Turn   | Place    | Note
-------+----------+-------------------------------------------
     0 | D:1      | crazypyro the Ogre Monk began the quest for the Orb.
     0 | D:1      | Reached XP level 1. HP: 24/24 MP: 1/1
    25 | D:1      | Found a faded altar of an unknown god.
   425 | D:1      | Mangled by a gnoll

Illustrated notes

Levels and vault maps discovered:
D:1:      co_arrival_random_square_maze, layout_basic,
          chequers_ecumenical_altar_simple_redux, nicolae_grassy_gnolls

Skill      XL: |  1 |
---------------+----+-----
Maces & Flails | 3 |  3.1
Fighting       | |  4.0
Dodging        | |  2.6
Stealth        | |  1.4

Action                   || total
-------------------------++-------
Melee: Mace              ||    28
Armor: Robe              ||     8
Dodge: Dodged            ||    17
